 Dungeon Crawl Stone Soup version 0.31-a0-236-g9a0961fb85 (webtiles) character file.

Game seed: 10590220491948363447

40 qw the Shooter (level 3, -10/21 HPs)
             Began as a Gargoyle Hexslinger on July 10, 2023.
             Mangled by a gnoll
             ... wielding a +0 halberd
              (14 damage)
             ... on level 2 of the Dungeon.
             The game lasted 00:00:21 (802 turns).

qw the Shooter (Gargoyle Hexslinger)                 Turns: 802, Time: 00:00:21

Health: -10/21     AC:  6    Str: 11    XL:     3   Next: 50%
Magic:  4/4        EV: 11    Int: 13    God:
Gold:   59         SH:  0    Dex: 14    Spells: 3/4 levels left

rFire   . . .        Y - +1 sling
rCold   . . .        (no shield)
rNeg    + . .        e - +0 leather armour
rPois   inf          (no helmet)
rElec   +            (no cloak)
rCorr   .            (no gloves)
SInv    .            (no boots)
Will    .....        (no amulet)
Stlth   +            (no ring)
HPRegen 0.23/turn    (no ring)
MPRegen 0.09/turn

%: no passive effects
@: no status effects
A: sickness immunity, AC +3, negative energy resistance 1, electricity
resistance, torment resistance 1, petrification resistance
a: no special abilities


You were on level 2 of the Dungeon.
You visited 1 branch of the dungeon, and saw 2 of its levels.

You collected 59 gold pieces.


Innate Abilities, Weirdness & Mutations

You are immune to sickness and miasma.
Your stone body is resilient. (AC +3)
You are immune to poison.
You resist negative energy. (rN+)
You are resistant to electric shocks. (rElec)
You are resistant to unholy torment.
You are immune to petrification.


   Skills:
 - Level 2.0 Fighting
 + Level 3.4 Ranged Weapons
 - Level 1.5 Dodging
 - Level 1.0 Spellcasting
 - Level 2.6 Hexes


You had 3 spell levels left.
You knew the following spells:

 Your Spells              Type           Power      Damage    Failure   Level
a - Slow                  Hex            28%        N/A       12%         1

Your spell library contained the following spells:

 Spells                   Type           Power      Damage    Failure   Level
 Inner Flame              Hex/Fire       4%         N/A       54%         3
 Portal Projectile        Hex/Tloc       8%         N/A       54%         3
 Cause Fear               Hex            3%         N/A       77%         4

Inventory:

Hand Weapons
 Y - a +1 sling (weapon)
Armour
 e - a +0 leather armour (worn)
Jewellery
 c - a +6 ring of strength
Scrolls
 a - a scroll of amnesia {unknown}
 b - a scroll of revelation {unknown}

Dungeon Overview and Level Annotations

Branches:
Dungeon (2/15)

Altars:
Cheibriados


Message History

You shoot a sling bullet.
The sling bullet hits the gnoll but does no damage.
The gnoll is almost dead.
The gnoll hits you with a +1 whip of draining.
A gnoll comes into view. It is wielding a +0 halberd.
You shoot a sling bullet. The sling bullet hits the gnoll.
You kill the gnoll!
The adder misses you. The adder bites you.
You shoot a sling bullet.
The sling bullet closely misses the adder.
The adder closely misses you. The adder bites you.
You shoot a sling bullet.
The sling bullet barely misses the adder.
The adder bites you.
You shoot a sling bullet.
The sling bullet closely misses the adder.
The adder barely misses you. x2
You shoot a sling bullet. The sling bullet hits the adder.
The adder is moderately wounded.
The adder misses you.
A hobgoblin comes into view.
The gnoll barely misses you. The gnoll closely misses you.
The adder closely misses you.
The hobgoblin moves out of view.
You shoot a sling bullet. The sling bullet hits the adder.
The adder is heavily wounded.
The adder barely misses you. The gnoll misses you.
You shoot a sling bullet. The sling bullet hits the adder.
The adder is severely wounded.
The adder barely misses you. The gnoll barely misses you.
The adder closely misses you.
You shoot a sling bullet.
The sling bullet barely misses the adder.
The adder bites you but does no damage.
The gnoll hits you from afar with a +0 halberd!
The adder bites you. The gnoll closely misses you.
You shoot a sling bullet. The sling bullet misses the adder.
The adder barely misses you.
The gnoll hits you from afar with a +0 halberd!
Ouch! That really hurt!
You die...

#.# #. .(. ..
#.##...>.. .. #####
#.##.##.. .# ....#
#.##.##.. .# ....#
#.##.##.# .# ....#
#.##.##.# .#
....###.##.##.###.#
........##......@)####
....###.##...)...Sg..#
....# #.##.##.######.#
..#.#
#.##.##..........
#.#.# #....#########.
# ....# #.##.....#
..### #.### #.##.###.#
..... #.# #.##.# .####
#.# #.##.#


You could see a gnoll and an adder.

Vanquished Creatures
  A gnoll (D:2)
  An adder (D:2)
  A ball python (D:1)
  3 bats
  3 endoplasms (D:1)
  A goblin (D:1)
  2 hobgoblins
  3 jackals (D:2)
  A kobold (D:2)
  A quokka (D:1)
  2 rats (D:1)
19 creatures vanquished.

Notes
Turn   | Place    | Note
-------+----------+-------------------------------------------
     0 | D:1      | qw the Gargoyle Hexslinger began the quest for the Orb.
     0 | D:1      | Reached XP level 1. HP: 12/12 MP: 2/2
     0 | D:1      | 0 ||| qw: Version: 0.3-a-52-g30416fa
     0 | D:1      | 0 ||| qw: Game counter: 4786
     0 | D:1      | 0 ||| qw: Melee chars always use a shield: true
     0 | D:1      | 0 ||| qw: God list: Okawaru
     0 | D:1      | 0 ||| qw: Allow faded altars: false
     0 | D:1      | 0 ||| qw: Do Orc after clearing Dungeon:15 true
     0 | D:1      | 0 ||| qw: Do second Lair branch before Depths: true
     0 | D:1      | 0 ||| qw: Lair rune preference: random
     0 | D:1      | 0 ||| qw: Goals: Normal
     0 | D:1      | 0 ||| PLANNING D:1-11
   185 | D:1      | Reached XP level 2. HP: 16/16 MP: 3/3
   329 | D:1      | Reached skill level 3 in Ranged Weapons
   503 | D:1      | 503 ||| UPGRADING to +0 leather armour.
   513 | D:1      | 513 ||| DROPPING +0 robe.
   514 | D:1      | 514 ||| READING scroll labelled QYARIO HUGETU.
   515 | D:1      | 515 ||| READING scroll labelled XOEGRAF MOARA.
   516 | D:1      | 516 ||| READING 3 scrolls labelled ZAS JYIKABBAWK.
   517 | D:1      | 517 ||| DROPPING scroll of poison.
   518 | D:1      | 518 ||| DROPPING 2 scrolls of fear.
   629 | D:2      | Found a snail-covered altar of Cheibriados.
   644 | D:2      | Found a faded altar of an unknown god.
   667 | D:2      | Reached XP level 3. HP: 18/21 MP: 4/4
   801 | D:2      | HP: 4/21 [adder (3)]
   802 | D:2      | Mangled by a gnoll

Levels and vault maps discovered:
D:1:      dpeg_arrival_round_c, layout_rooms
D:2:      layout_loops_ring, hellmonk_ecumenical_altar_crossroads, basic_altar

Skill      XL: |  1  2 |
---------------+-------+-----
Ranged Weapons | 3 |  3.4
Fighting       | 2 |  2.0
Dodging        | |  1.5
Spellcasting   | |  1.0
Hexes          | |  2.6

Action                     || total
---------------------------++-------
   Fire: Sling             ||    77
    Use: Scroll            ||     3
 Armour: Leather armour    ||    10
         Robe              ||     2
  Dodge: Dodged            ||    41

Table legend:
 A = Non-vault XP
 B = Vault XP
 C = Vault XP percentage of total XP
 D = Non-vault monster count
 E = Vault monster count
 F = Vault count percentage of total count
                 A         B        C        D         E       F
            +---------+---------+-------+---------+---------+-------
      Total |      58 |       0 |   0.0 |      19 |       0 |   0.0
            +---------+---------+-------+---------+---------+-------
        D:1 |      19 |       0 |   0.0 |      11 |       0 |   0.0
        D:2 |      39 |       0 |   0.0 |       8 |       0 |   0.0
            +---------+---------+-------+---------+---------+-------
